 Dungeon Crawl Stone Soup version 0.22-a0-135-g6f012ad (webtiles) character file.

108 KarmaPolice the Vandal (level 5, -4/36 HPs)
             Began as a Halfling Hunter on Jan 24, 2018.
             Slain by Natasha (7 damage)
             ... on level 2 of the Dungeon on Feb 1, 2018.
             The game lasted 00:07:32 (2413 turns).

KarmaPolice the Vandal (Halfling Hunter)            Turns: 2413, Time: 00:07:33

Health: -4/36      AC:  3    Str: 14    XL:     5   Next: 12%
Magic:  5/5        EV: 14    Int:  9    God:
Gold:   69         SH:  0    Dex: 15    Spells: 4/4 levels left

rFire    . . .     SeeInvis .   b - +0 short sword
rCold    . . .     Gourm    .   (shield restricted)
rNeg     . . .     Faith    .   c - +0 leather armour
rPois    .         Spirit   .   (no helmet)
rElec    .         Reflect  .   (no cloak)
rCorr    .         Harm     .   (no gloves)
MR       .....                  (no boots)
Stlth    ++........             (no amulet)
HPRegen  0.12/turn              (no ring)
MPRegen  0.09/turn              (no ring)

@: no status effects
A: small, mutation resistance 1
a: no special abilities


You were on level 2 of the Dungeon.
You were not hungry.

You visited 1 branch of the dungeon, and saw 2 of its levels.

You collected 69 gold pieces.

Inventory:

Hand Weapons
 a - a +1 hunting sling
 b - a +0 short sword (weapon)
Missiles
 d - 63 sling bullets
 g - 45 stones (quivered)
Armour
 c - a +0 leather armour (worn)
 j - a +2 shield
Scrolls
 e - 3 scrolls of identify {unknown}
 h - a scroll of fog {unknown}
 i - a scroll of enchant weapon {unknown}
 l - a scroll of random uselessness {unknown}
 m - a scroll of blinking {unknown}
Comestibles
 f - a ration


   Skills:
 + Level 2.9 Fighting
 + Level 2.8 Short Blades
 + Level 6.9 Slings
 - Level 2.1 Dodging
 - Level 1.1 Stealth


You had 4 spell levels left.
You didn't know any spells.

Dungeon Overview and Level Annotations

Branches:
Dungeon (2/15)

Altars:

Annotations:
D:2 Natasha


Innate Abilities, Weirdness & Mutations

You are small and have problems with some larger weapons.
You are somewhat resistant to further mutation.


Message History

You closely miss Natasha. You barely miss Natasha. Natasha misses you.
The crimson imp misses you.
You hit Natasha.
Natasha is moderately wounded.
Natasha casts a spell at you. The magic dart hits you!
* * * LOW HITPOINT WARNING * * *
The crimson imp blinks!
You hit Natasha.
Natasha is heavily wounded.
Natasha casts a spell.
You hit Natasha.
Natasha is heavily wounded.
Natasha claws you.
* * * LOW HITPOINT WARNING * * *
The crimson imp blinks!
You closely miss Natasha.
Natasha is heavily wounded.
Natasha claws you!
You die...

..##....##### #...>#
..##....#.5.####....#
....##..#...........#
..#.....#...........#
).####..............# ..#
##.............# # ###
##.....#...#.## ##
#.....#...#.#############.
#.....###@#.##...).)).....
##...#....§h..(.########...
##....).....5.............##
#####.............(.>.........#
#.................#...........#
#..#.............#..........##
#.............#............#
##..#...##...##..#...).....#.
###..#.######.....#....l....#.


You could see Natasha and 2 crimson imps.

Vanquished Creatures
  5 adders (D:2)
  2 oozes
  3 dart slugs
  2 leopard geckos
  4 bats
  3 giant cockroaches
  7 goblins
  3 hobgoblins
  6 jackals
  8 frilled lizards
  4 kobolds
  3 rats
50 creatures vanquished.

Notes
Turn   | Place    | Note
-------+----------+-------------------------------------------
     0 | D:1      | KarmaPolice the Halfling Hunter began the quest for the Orb.
     0 | D:1      | Reached XP level 1. HP: 14/14 MP: 1/1
   489 | D:1      | Reached skill level 6 in Slings
   492 | D:1      | Reached XP level 2. HP: 17/19 MP: 2/2
   497 | D:1      | Upgraded the game from 0.22-a0-93-g6b88ebb to 0.22-a0-135-g6f012ad
   504 | D:1      | Reached skill level 1 in Short Blades
  1054 | D:1      | Reached XP level 3. HP: 24/24 MP: 3/3
  1502 | D:2      | Reached XP level 4. HP: 14/30 MP: 4/4
  1996 | D:2      | Reached XP level 5. HP: 24/36 MP: 5/5
  2269 | D:2      | Noticed Natasha
  2413 | D:2      | Slain by Natasha

Vault maps used:
D:1:      dpeg_arrival_castle, minmay_misc_feat_tower
D:2:      minmay_box_of_dots, uniq_natasha

Skill      XL: |  1  2  3 |
---------------+----------+-----
Fighting       | 2 |  2.9
Slings         | 6 |  6.9
Short Blades   | 1 2 |  2.8
Dodging        | |  2.1
Stealth        | |  1.1

Action                   |  1- 3 |  4- 6 || total
-------------------------+-------+-------++-------
Melee: Short sword       |   102 |    52 ||   154
 Fire: Hunting sling     |    17 |    48 ||    65
 Stab: Sleeping          |     2 |       ||     2
  Eat: Chunk             |     2 |     3 ||     5
Armor: Leather armour    |    22 |    12 ||    34
Dodge: Dodged            |    89 |    45 ||   134

Table legend:
 A = Spawn XP
 B = Non-spawn XP
 C = Spawn XP percentage of total XP
 D = Spawn monster count
 E = Non-spawn monster count
 F = Spawn count percentage of total count
 G = Total turns spent on level
                    A         B        C        D         E        F      G
               +---------+---------+-------+---------+---------+-------+---------
         Total |       0 |     155 |   0.0 |       0 |      50 |   0.0 |  2413
               +---------+---------+-------+---------+---------+-------+---------
           D:1 |       0 |      43 |   0.0 |       0 |      24 |   0.0 |  1508
           D:2 |       0 |     112 |   0.0 |       0 |      26 |   0.0 |   905
               +---------+---------+-------+---------+---------+-------+---------
